cohdb
Replays
Latest Replays
All Replays
Popular Replays
Top Player Replays
Match Explorer
How It Works
Community
CoH3 Stats
Reddit
Sign in to upload your games and track your stats! →
Sign in with Steam
Match 45828470
Unlisted
Match 45828470
Overview
Messages
Build Orders
End
Panzergrenadier Squad
Selects Italian Combined Arms Battlegroup
Selects Italian Combined Arms Battlegroup
Selects Bersaglieri Squad
Bersaglieri Squad
250 Light Carrier
Construct Light Support Kompanie
Combat Half-tracks
MG34 Team
Fire Support Elements
Vehicle Survival Package
Panzerjäger Mechanized Group
Selects Semovente da 75/18 Assault Gun
Construct Panzerarmee Kommand
Emergency Repair Kits
Rapid Advance
Selects Strafing Run
Armored Reserves
Strafing Run
Dr. Jekyll
PutPut-AusarTheVile
nub
oziligath
0
0
Comments
sign in to comment!
No comments posted yet!